AoeStats
← Yuhor28

Fortress

508530662Analyzed
3v3 RM · 8d ago on Sep 22, 2026· 60m 9s· 6 players
Game mode
Random Map
Map size
Large (8 player)
Population
200
Speed
Normal
Resources
Standard
Victory
Conquest
Starting age
Dark Age
Ending age
Imperial Age
RankedLock teamsTeams togetherTeam positionsShared explorationLock speedFull tech treeHidden civsTurbo modeCheats
Victory
Defeat
🇪🇸 Random · Spain
781
+16
🇹🇷 Huns · Türkiye
771
+17
🇨🇿 Goths · Czechia
762
+17
🇪🇨 Spanish · Ecuador
827
-27
🇧🇷 Khmer · Brazil
816
-18
🇯🇵 Chinese · Japan
709
-14
amx™ (SPREAD LOVE)
8:59 Feudal Age
10:25 Double-Bit Axe
15:13 Castle Age
14:11 Gold Mining
14:38 Forging
15:17 Scale Mail Armor
15:56 Anarchy
15:49 Horse Collar
16:37 Squires
20:30 Loom
22:09 Pikeman
29:17 Chain Mail Armor
30:06 Bow Saw
33:50 Imperial Age
31:58 Wheelbarrow
31:50 Stone Mining
33:21 Iron Casting
34:45 Heavy Plow
36:06 Elite Huskarl
38:24 Hand Cart
37:36 Halberdier
39:38 Perfusion
42:29 Crop Rotation
42:15 Town Watch
43:03 Conscription
47:47 Blast Furnace
Surfacegen
7:36 Feudal Age
10:01 Double-Bit Axe
12:21 Wheelbarrow
12:13 Horse Collar
14:50 Castle Age
20:58 Imperial Age
18:41 Heavy Plow
19:48 Bow Saw
21:42 Forging
21:33 Scale Mail Armor
21:27 Treadmill Crane
22:08 Ballistics
23:17 Conscription
23:09 Gambesons
25:33 Crop Rotation
25:54 Town Watch
25:34 Pikeman
26:02 Halberdier
26:43 Elite Skirmisher
32:27 Iron Casting
32:07 Chain Mail Armor
31:57 Scale Barding Armor
31:44 Fletching
31:54 Padded Archer Armor
32:12 Hand Cart
31:59 Town Patrol
32:50 Light Cavalry
33:41 Bloodlines
33:31 Husbandry
34:19 Capped Ram
35:55 Plate Mail Armor
35:46 Chain Barding Armor
35:23 Bodkin Arrow
35:50 Squires
37:08 Thumb Ring
39:10 Chemistry
38:07 Murder Holes
38:23 Masonry
39:47 Siege Ram
42:26 Cranequins
42:26 Heavy Mounted Crossbowman
54:34 Bracer
54:50 Leather Archer Armor
54:55 Onager
57:34 Shield Wall
57:37 Elite Hearth Troop
59:27 Elite Varangian Guard
Yuhor28
9:57 Feudal Age
14:19 Castle Age
13:06 Scale Barding Armor
22:37 Bloodlines
22:28 Husbandry
22:51 Chain Barding Armor
22:22 Fletching
22:33 Padded Archer Armor
24:28 Bodkin Arrow
27:49 Imperial Age
28:09 Marauders
29:20 Plate Barding Armor
47:16 Elite Tarkan
47:51 Cavalier
Bredark
0:51 Loom
6:45 Feudal Age
11:53 Castle Age
10:58 Fletching
11:25 Double-Bit Axe
12:38 Gold Mining
18:48 Town Watch
19:34 Ballistics
24:10 Wheelbarrow
25:12 Husbandry
26:38 Gold Shaft Mining
26:45 Fortified Wall
28:04 Murder Holes
28:21 Masonry
28:32 Scale Barding Armor
28:39 Forging
30:03 Bloodlines
32:05 Sanctity
31:13 Light Cavalry
33:11 Chain Barding Armor
32:55 Padded Archer Armor
33:49 Hand Cart
38:51 Imperial Age
37:42 Iron Casting
37:04 Bodkin Arrow
38:10 Tusk Swords
40:39 Blast Furnace
40:15 Plate Barding Armor
40:15 Conscription
42:49 Hussar
44:38 Bow Saw
46:12 Double Crossbow
47:09 Hoardings
46:51 Bracer
47:16 Caravan
47:52 Leather Archer Armor
52:50 Heavy Scorpion
Lordkam20002
2:16 Loom
9:22 Feudal Age
10:41 Wheelbarrow
10:59 Town Watch
11:09 Double-Bit Axe
11:09 Horse Collar
14:23 Bloodlines
14:12 Gold Mining
14:13 Stone Mining
20:16 Castle Age
20:27 Light Cavalry
MathKing777
0:30 Loom
9:18 Feudal Age
9:53 Double-Bit Axe
9:53 Horse Collar
11:48 Wheelbarrow
13:51 Gold Mining
14:05 Stone Mining
16:19 Castle Age
15:47 Forging
17:21 Bow Saw
17:15 Heavy Plow
17:54 Gold Shaft Mining
17:59 Stone Shaft Mining
20:03 Hand Cart
20:45 Fletching
21:00 Padded Archer Armor
22:00 Murder Holes
22:29 Ballistics
22:52 Bodkin Arrow
23:14 Leather Archer Armor
23:13 Town Watch
29:20 Imperial Age
31:33 Bracer
32:04 Ring Archer Armor
32:41 Chemistry
32:08 Husbandry
33:20 Two-Man Saw
33:16 Conscription
32:20 Elite Chu Ko Nu
33:50 Iron Casting
33:18 Scale Mail Armor
33:56 Town Patrol
36:21 Blast Furnace
35:28 Scale Barding Armor
36:16 Masonry
36:19 Fortified Wall
39:57 Chain Barding Armor
44:57 Cavalier
45:50 Bloodlines
45:08 Light Cavalry
51:14 Rocketry
51:27 Rocketry
Connection lost

Rejoining the realm…

Still unreachable

The connection could not be restored.

Session expired

The server has moved on; the page needs a fresh start.